 Dungeon Crawl Stone Soup version 0.29.1-1-gd02db6906a (webtiles) character file.

Game seed: 10320074177521453419

931 EvilAshe the Cleaver (level 8, 0/58 HPs)
             Began as a Human Berserker on Sept 16, 2022.
             Was a Follower of Trog.
             Succumbed to a water moccasin's poison
             ... on level 7 of the Dungeon.
             The game lasted 00:11:58 (5516 turns).

EvilAshe the Cleaver (Human Berserker)              Turns: 5516, Time: 00:11:58

Health: 0/58       AC: 13    Str: 20    XL:     8   Next: 33%
Magic:  8/8        EV: 11    Int:  7    God:    Trog [*.....]
Gold:   195        SH:  0    Dex: 13    Spells: 7/7 levels left

rFire   . . .      SeeInvis .   a - +0 hand axe
rCold   . . .      Faith    .   (no shield)
rNeg    . . .      Spirit   .   y - +0 ring mail
rPois   .          Reflect  .   g - +0 helmet
rElec   .          Harm     .   e - +2 cloak {rCorr}
rCorr   +          Rampage  .   (no gloves)
Will    .....                   (no boots)
Stlth   +.........              (no amulet)
HPRegen 0.19/turn               w - +4 ring of protection
MPRegen 0.11/turn               (no ring)

@: lethally poisoned (0 -> -11), on berserk cooldown, slowed, very slow
A: no striking features
a: Renounce Religion, Berserk


You were on level 7 of the Dungeon.
You worshipped Trog.
Trog was aware of your devotion.
You visited 1 branch of the dungeon, and saw 7 of its levels.

You collected 234 gold pieces.
You spent 39 gold pieces at shops.

Inventory:

Hand Weapons
 a - a +0 hand axe (weapon)
 b - a +0 shortbow
Missiles
 f - 46 stones (quivered)
 q - 11 poisoned darts
Armour
 e - a +2 cloak of preservation (worn)
 g - a +0 helmet (worn)
 y - a +0 ring mail (worn)
Jewellery
 w - a +4 ring of protection (left hand)
Wands
 u - a wand of flame (7)
Scrolls
 c - a scroll of identify
 d - 4 scrolls of teleportation
 j - a scroll of noise {unknown}
 k - a scroll of enchant armour
 p - a scroll of fear
 r - a scroll of poison {unknown}
 s - a scroll of torment {unknown}
 A - a scroll of blinking {unknown}
Potions
 l - 6 potions of curing
 m - a potion of flight {unknown}
 n - 2 potions of berserk rage
 o - a potion of resistance {unknown}
 t - 2 potions of mutation
 v - a potion of heal wounds {unknown}
 x - 2 potions of might
 z - a potion of lignification {unknown}


   Skills:
 - Level 3.0 Fighting
 + Level 9.6 Axes
 - Level 2.0 Armour
 - Level 2.0 Dodging


You had 7 spell levels left.
You didn't know any spells.
Your spell library was empty.

Dungeon Overview and Level Annotations

Branches:
Dungeon (7/15)
 Temple: D:4-7

Altars:
Dithmenos
Qazlal
Sif Muna
Uskayaw
Vehumet

Shops:
D:3 *   D:5 :

Annotations:
D:3 2 transporters, Plasmagod's ghost, amateur MiFi
D:5 Prince Ribbit


Message History

You feel sick. The water moccasin bites you.
You are more poisoned.
The water moccasin poisons you!
You miss the water moccasin.
The water moccasin is severely wounded.
You feel very sick.
The water moccasin bites you but does no damage.
You closely miss the water moccasin.
The water moccasin is severely wounded.
You feel very sick. The water moccasin bites you!
* * * LOW HITPOINT WARNING * * *
You miss the water moccasin.
The water moccasin is severely wounded.
* * * LOW HITPOINT WARNING * * *
You feel very sick.
You closely miss the water moccasin.
The water moccasin is severely wounded.
* * * LOW HITPOINT WARNING * * *
You feel sick. The water moccasin bites you.
* * * LOW HITPOINT WARNING * * *
You slash the water moccasin!
The water moccasin is almost dead.
* * * LOW HITPOINT WARNING * * *
You feel sick. The water moccasin closely misses you.
You slash the water moccasin!
You kill the water moccasin!
Trog accepts your kill.
* * * LOW HITPOINT WARNING * * *
You feel sick.
Okay, then.
* * * LOW HITPOINT WARNING * * *
You feel sick.
You are too berserk!
You are too berserk!
You feel a strong urge to attack something.
You are no longer berserk.
You are exhausted.
You feel yourself slow down.
You die... #.#######.##. #....@†...... #########.###

There were no monsters in sight!

Vanquished Creatures
  Grinder (D:4)
  Edmund (D:4)
  A water moccasin (D:7)
  A phantom (D:4)
  A kobold brigand (D:4)
  2 hounds
  3 jellies
  Crazy Yiuf (D:2)
  An iguana (D:5)
  3 gnolls
  5 adders
  A shadow imp (D:5)
  An ufetubus (D:5)
  A worm (D:2)
  4 dart slugs
  6 orcs
  9 ball pythons
  7 bats
  4 endoplasms
  5 giant cockroaches
  5 goblins
  5 hobgoblins
  3 jackals (D:2)
  6 quokkas
  5 frilled lizards
  10 kobolds
  A rat (D:2)
93 creatures vanquished.

Vanquished Creatures (others)
  A fungus (D:1)
  4 plants
5 creatures vanquished.

Grand Total: 98 creatures vanquished

Notes
Turn   | Place    | Note
-------+----------+-------------------------------------------
     0 | D:1      | EvilAshe the Human Berserker began the quest for the Orb.
     0 | D:1      | Reached XP level 1. HP: 18/18 MP: 1/1
   231 | D:1      | Reached XP level 2. HP: 24/24 MP: 2/2
   317 | D:1      | Found a faded altar of an unknown god.
   514 | D:2      | Reached skill level 4 in Axes
   514 | D:2      | Reached XP level 3. HP: 25/29 MP: 3/3
   568 | D:2      | Found a hide-covered altar of Uskayaw.
   635 | D:1      | You fall into a shaft and drop 1 floor!
  1226 | D:2      | Reached ** piety under Trog
  1297 | D:2      | Reached XP level 4. HP: 33/35 MP: 4/4
  1554 | D:2      | Reached skill level 5 in Axes
  2027 | D:2      | Reached XP level 5. HP: 36/41 MP: 5/5
  2084 | D:2      | Found a runed translucent door.
  2085 | D:2      | Noticed Crazy Yiuf
  2366 | D:2      | Killed Crazy Yiuf
  2635 | D:3      | Reached skill level 6 in Axes
  3133 | D:3      | Found a radiant altar of Vehumet.
  3179 | D:3      | Found a transporter.
  3211 | D:3      | Reached XP level 6. HP: 47/47 MP: 6/6
  3217 | D:3      | Noticed a black bear
  3229 | D:3      | Found Laegoih's General Store.
  3246 | D:3      | Bought a scroll of teleportation for 39 gold pieces
  3466 | D:3      | Noticed Plasmagod's ghost (amateur MiFi)
  3484 | D:3      | Found a transporter.
  3588 | D:3      | Found a stormy altar of Qazlal.
  3719 | D:4      | Noticed Grinder
  3871 | D:4      | Killed Grinder
  3872 | D:4      | Reached skill level 7 in Axes
  3872 | D:4      | Reached XP level 7. HP: 43/52 MP: 7/7
  4035 | D:4      | Reached skill level 8 in Axes
  4103 | D:5      | Entered Level 5 of the Dungeon
  4113 | D:5      | Found a shimmering blue altar of Sif Muna.
  4388 | D:4      | Noticed Edmund
  4411 | D:4      | Killed Edmund
  5030 | D:5      | Found a shadowy altar of Dithmenos.
  5030 | D:5      | Noticed Prince Ribbit
  5120 | D:5      | Found Arihaa Dubba's Book Shoppe.
  5160 | D:4      | Reached skill level 9 in Axes
  5160 | D:4      | Reached XP level 8. HP: 51/58 MP: 8/8
  5515 | D:7      | HP: 3/87 [poisoned by a water moccasin]
  5516 | D:7      | Succumbed to a water moccasin's poison

Illustrated notes

Levels and vault maps discovered:
D:1:      heliophobic_arrival_dark_side_of_the_moon, layout_rooms,
          shapermc_ecumenical_altar_ellora
D:2:      layout_basic, basic_altar, uniq_crazy_yiuf_cottage
D:3:      layout_basic, vehumet_altar_wand_db, nicolae_qazlal_eye_of_the_storm,
          gammafunk_ghost_mausoleum, serial_shops, nicolae_shop_trees,
          lightli_corner_chamber
D:4:      layout_gridville, uniq_edmund, uniq_grinder
D:5:      layout_basic, nicolae_dithmenos_through_a_glass_darkly,
          nicolae_hepliaklqana_monster_ancestors,
          nicolae_overflow_crystal_walls, grunt_temple_overflow_open,
          minmay_temple_entry_enclosed_plants, serial_shops,
          kennysheep_mini_moat, nicolae_shop_stone, uniq_prince_ribbit1
D:6:      layout_basic
D:7:      layout_loops_ring, enter_bailey_5, kennysheep_nub

Skill      XL: |  1  2  3  4  5  6  7 |
---------------+----------------------+-----
Axes           | 4 5 6 7 9 |  9.6
Fighting       | |  3.0
Armour         | |  2.0
Dodging        | |  2.0

Action                   |  1- 3 |  4- 6 |  7- 9 || total
-------------------------+-------+-------+-------++-------
Melee: Hand axe          |   100 |   141 |   146 ||   387
       Punch             |       |     1 |       ||     1
 Fire: Shortbow          |       |     5 |     3 ||     8
Throw: Stone             |     5 |     3 |     2 ||    10
       Dart              |       |     2 |     2 ||     4
Invok: Berserk           |       |     5 |     3 ||     8
       Trog's Hand       |       |     3 |       ||     3
  Use: Scroll            |       |     1 |     9 ||    10
Armor: Animal skin       |     2 |       |       ||     2
       Leather armour    |    27 |    43 |    11 ||    81
       Ring mail         |       |       |    54 ||    54
Dodge: Dodged            |    61 |    66 |    68 ||   195
